 Dungeon Crawl Stone Soup version 0.29.1-15-g9cfb28693d (webtiles) character file.

Game seed: 7479123376594527630

4323 KamiKatze the Conjurer (level 10, -2/56 HPs)
             Began as an Octopode Conjurer on Mar 13, 2023.
             Was a Believer of Vehumet.
             Slain by a boulder beetle (18 damage)
             ... on level 8 of the Dungeon.
             The game lasted 00:40:06 (8932 turns).

KamiKatze the Conjurer (Octopode Conjurer)          Turns: 8932, Time: 00:40:08

Health: -2/56      AC:  2    Str:  6    XL:     10   Next: 33%
Magic:  10/28      EV: 13    Int: 25    God:    Vehumet [**....]
Gold:   114        SH:  7    Dex: 11    Spells: 8/21 levels left

rFire   . . .      SeeInvis .   i - +10 dagger "Zuyco" {venom, Fragile rC++ Will+ Stlth+}
rCold   + + .      Faith    .   r - +2 buckler
rNeg    . . .      Spirit   .   w - +1 hat
rPois   .          Reflect  .   (no amulet)
rElec   .          Harm     .   u - ring of magical power
rCorr   .          Rampage  .   z - ring of wizardry
Will    +....                   (no ring)
Stlth   ++++......              (no ring)
HPRegen 0.18/turn               (no ring)
MPRegen 0.21/turn               (no ring)
                                (no ring)
                                (no ring)

@: no status effects
A: almost no armour, amphibious, 8 rings, camouflage 1, gelatinous body 1,
(nimble swimmer 1), tentacles
a: Renounce Religion


You were on level 8 of the Dungeon.
You worshipped Vehumet.
Vehumet was pleased with you.
You visited 2 branches of the dungeon, and saw 9 of its levels.

You collected 463 gold pieces.
You spent 349 gold pieces at shops.

Inventory:

Hand Weapons
 f - a +0 whip
 i - the +10 dagger "Zuyco" (weapon) {venom, Fragile rC++ Will+ Stlth+}
   (You found it on level 2 of the Dungeon)

   It poisons the flesh of those it strikes.
   rC:        It greatly protects you from cold.
   Fragile:   It will be destroyed if unequipped.
   Will:      It increases your willpower.
   Stlth:     It makes you more stealthy.
 o - a +3 short sword
 C - a +0 spear of flaming
Missiles
 d - 15 poisoned darts (quivered)
Armour
 r - a +2 buckler (worn)
 w - a +1 hat (worn)
Magical Staves
 x - a staff of fire
Jewellery
 u - a ring of magical power (left tentacle)
 z - a ring of wizardry (right tentacle)
Wands
 p - a wand of digging (2)
 y - a wand of flame (8)
 A - a wand of roots (8)
 D - a wand of charming (5)
Scrolls
 b - 7 scrolls of teleportation
 e - a scroll of vulnerability {unknown}
 g - a scroll of enchant weapon {unknown}
 l - 4 scrolls of magic mapping
 n - 4 scrolls of blinking {unknown}
 q - a scroll of enchant armour {unknown}
 v - a scroll of poison {unknown}
 E - a scroll of acquirement {unknown}
 F - a scroll of immolation {unknown}
 G - a scroll of amnesia {unknown}
 H - a scroll of identify
Potions
 a - a potion of magic
 c - 4 potions of brilliance
 j - a potion of berserk rage {unknown}
 k - 3 potions of curing
 m - 4 potions of flight
 s - 3 potions of lignification
 t - 2 potions of cancellation
 B - 2 potions of haste {unknown}


   Skills:
 - Level 3.0 Dodging
 - Level 3.0 Stealth
 - Level 5.0 Shields
 * Level 6.4 Spellcasting
 * Level 7.8 Conjurations
 * Level 6.5 Hexes
 * Level 6.5 Translocations
 * Level 0.0 Poison Magic
 - Level 2.0 Evocations


You had 8 spell levels left.
You knew the following spells:

 Your Spells              Type           Power      Damage    Failure   Level
a - Magic Dart            Conj           100%       1d8       1%          1
b - Searing Ray           Conj           94%        2d7       1%          2
c - Fulminant Prism       Conj/Hex       22%        3d13      1%          4
d - Iskenderun's Mystic   Conj/Tloc      44%        2d10      1%          4
e - Poisonous Vapours     Pois/Air       16%        N/A       6%          2

Your spell library contained the following spells:

 Spells                   Type           Power      Damage    Failure   Level
 Shock                    Conj/Air       100%       1d9       1%          1
 Dazzling Flash           Conj/Hex       88%        N/A       1%          3
 Sting                    Tmut/Pois      32%        1d4       3%          1
 Ozocubu's Armour         Ice            8%         N/A       11%         3
 Metabolic Englaciation   Hex/Ice        12%        N/A       26%         5
 Silence                  Hex/Air        12%        N/A       26%         5
 Olgreb's Toxic Radiance  Pois           8%         N/A       32%         4
 Summon Lightning Spire   Summ/Air       8%         N/A       32%         4
 Agony                    Necr           8%         N/A       65%         5
 Simulacrum               Ice/Necr       4%         N/A       99%         6
 Storm Form               Tmut/Air       4%         N/A       100%        7
 Maxwell's Capacitive Co  Air            4%         ∞         100%        8


Dungeon Overview and Level Annotations

Branches:
Dungeon (8/15)             Temple (1/1) D:5
   Lair: D:8-11

Altars:
Ashenzari
Cheibriados
Dithmenos
Elyvilon
Fedhas
Gozag
Hepliaklqana
Kikubaaqudgha
Makhleb
Nemelex Xobeh
Okawaru
Qazlal
Ru
Sif Muna
Trog
Uskayaw
Vehumet
Wu Jian
Xom
Yredelemnul
Zin
The Shining One

Shops:
D:4 =   D:6 ?[?[?[


Innate Abilities, Weirdness & Mutations

You cannot wear most types of armour.
You are amphibious.
You can wear up to eight rings at the same time.
Your skin changes colour to match your surroundings (Stealth+).
Your rubbery body absorbs attacks. (AC +1, EV +1)
((You are camouflaged when in or above water. (Stealth+)))
You have tentacles for arms and can constrict up to eight enemies at once.


Message History

You start resting.
A boulder beetle is nearby!
Unknown command.
Casting: Magic Dart (safe; 1% risk of failure)
Confirm with . or Enter, or press ? or * to list all spells.
Aiming: Poisonous Vapours (safe; 6% risk of failure)
Press: ? - help, Dir - move target, f - boulder beetle
Aim: a boulder beetle (severely wounded, wandering, hasn't noticed you) Poisonous vapours surround the boulder beetle!
The boulder beetle is poisoned.
The boulder beetle curls into a ball and begins rolling!
Unknown command.
Casting: Poisonous Vapours (safe; 6% risk of failure)
Confirm with . or Enter, or press ? or * to list all spells.
Aiming: Fulminant Prism (dangerous; 1% risk of failure)
Press: ? - help, Dir - move target, p - boulder beetle You conjure a prism of explosive energy!
A fulminant prism comes into view.
The boulder beetle hits your fulminant prism!!
Your fulminant prism detonates feebly.
The boulder beetle stops rolling and uncurls.
The boulder beetle curls into a ball and begins rolling!
Casting: Fulminant Prism (dangerous; 1% risk of failure)
Confirm with . or Enter, or press ? or * to list all spells.
You can't see any susceptible monsters within range! (Use Z to cast anyway.)
The boulder beetle looks more healthy.
Casting: Fulminant Prism (dangerous; 1% risk of failure)
Confirm with . or Enter, or press ? or * to list all spells.
You erupt in a blast of force!
The mystic blast hits the boulder beetle.
The boulder beetle is almost dead.
The boulder beetle is knocked back by the mystic blast.
Unknown command.
Casting: Iskenderun's Mystic Blast (dangerous; 1% risk of failure)
Confirm with . or Enter, or press ? or * to list all spells.
You erupt in a blast of force!
The mystic blast hits the boulder beetle but does no damage.
The boulder beetle is almost dead.
The boulder beetle hits you!!
You die...

..# ..# .. ..... ###
#.....# ..#
#.....######## #.#
#............# #.#
#.....)......# #.#
#.......)....#
#.######.....°°B@...#
#.#.................#
...............>#####
#.......#.#.#.#.#
#.......#.#.#.#.#
........#.#...#.#
.######.#)#####.## .#
#.#.)......# .#
#...#####..#


You could see a boulder beetle (rolling).

Vanquished Creatures
  3 yaks (D:5)
  Grum (D:6)
  2 steam dragons
  An acid dragon (D:7)
  2 black bears
  4 ice beasts
  2 orc warriors
  2 wolves (D:6)
  A phantom (D:7)
  A centaur (D:8)
  A kobold brigand (D:8)
  4 bullfrogs
  2 scorpions (D:5)
  A gnoll sergeant (D:6)
  A necrophage (D:5)
  3 wights (D:7)
  10 killer bees
  2 howler monkeys (D:6)
  2 jellies
  6 orc priests
  10 hounds
  3 iguanas
  5 orc wizards
  16 gnolls
  7 adders
  2 white imps
  An ufetubus (D:6)
  3 worms
  4 dart slugs
  32 orcs
  5 bats
  7 endoplasms
  3 giant cockroaches
  5 goblins (D:3)
  8 hobgoblins
  3 jackals
  10 kobolds
  5 quokkas
  5 ball pythons
  A frilled lizard (D:2)
  3 rats
189 creatures vanquished.

Vanquished Creatures (others)
  43 fulminant prisms
43 creatures vanquished.

Grand Total: 232 creatures vanquished

Notes
Turn   | Place    | Note
-------+----------+-------------------------------------------
     0 | D:1      | KamiKatze the Octopode Conjurer began the quest for the
                  | Orb.
     0 | D:1      | Reached XP level 1. HP: 11/11 MP: 3/3
   211 | D:1      | Found a faded altar of an unknown god.
   296 | D:1      | Reached XP level 2. HP: 17/17 MP: 1/5
   363 | D:1      | Learned a level 2 spell: Searing Ray
   784 | D:2      | Reached skill level 1 in Hexes
   784 | D:2      | Reached XP level 3. HP: 21/21 MP: 1/6
   841 | D:2      | Reached skill level 1 in Translocations
   994 | D:2      | Identified the +10 dagger "Zuyco" {venom, Fragile rC++
                  | Will+ Stlth+}
  1493 | D:3      | Reached XP level 4. HP: 27/27 MP: 5/7
  2065 | D:3      | Reached XP level 5. HP: 21/31 MP: 4/9
  2277 | D:3      | Found a sacrificial altar of Ru.
  2284 | D:3      | Found a basalt altar of Yredelemnul.
  2376 | D:3      | Learned a level 4 spell: Fulminant Prism
  2437 | D:3      | Found a shimmering altar of Xom.
  2678 | D:4      | Found Zyotuo's Jewellery Boutique.
  2982 | D:4      | Bought a ring of magical power for 200 gold pieces
  3034 | D:4      | Reached XP level 6. HP: 36/36 MP: 8/10
  3157 | D:4      | Reached skill level 1 in Shields
  3258 | D:4      | Reached skill level 5 in Conjurations
  3355 | D:4      | Reached XP level 7. HP: 14/41 MP: 12/12
  3362 | D:4      | HP: 2/41 [poisoned by a killer bee]
  4251 | D:5      | Entered Level 5 of the Dungeon
  4583 | D:5      | Found a staircase to the Ecumenical Temple.
  4607 | Temple   | Entered the Ecumenical Temple
  4607 | Temple   | Found a transporter.
  4607 | Temple   | Found a transporter.
  4610 | Temple   | Found a transporter.
  4610 | Temple   | Found a transporter.
  4647 | Temple   | Became a worshipper of Vehumet
  4765 | D:5      | Noticed a yak
  4779 | D:5      | Killed a yak
  4779 | D:5      | Noticed a yak
  4780 | D:5      | Reached XP level 8. HP: 46/46 MP: 12/14
  4803 | D:5      | Noticed a yak
  4836 | D:5      | Killed a yak
  4842 | D:5      | Killed a yak
  5011 | D:5      | Reached skill level 6 in Conjurations
  5073 | D:5      | Found a snail-covered altar of Cheibriados.
  5365 | D:5      | Learned a level 4 spell: Iskenderun's Mystic Blast
  5521 | D:5      | Found a shimmering blue altar of Sif Muna.
  5994 | D:6      | Found Noenihug's Antique Armour Shoppe.
  6200 | D:6      | Reached XP level 9. HP: 51/51 MP: 16/16
  6285 | D:6      | Reached skill level 5 in Spellcasting
  6285 | D:6      | Reached skill level 1 in Evocations
  6410 | D:6      | Reached skill level 5 in Hexes
  6429 | D:6      | Reached skill level 5 in Translocations
  6696 | D:6      | Found Wonkanuch's Antique Armour Emporium.
  6830 | D:6      | Noticed Grum
  6841 | D:6      | Killed Grum
  6940 | D:6      | Found Paeneoxt's Armour Shop.
  6941 | D:6      | Found Qicave's Magic Scroll Emporium.
  6956 | D:6      | Bought a scroll of magic mapping for 97 gold pieces
  6956 | D:6      | Bought a scroll of teleportation for 39 gold pieces
  6956 | D:6      | Bought a scroll of noise for 13 gold pieces
  6994 | D:6      | Found Goek's Magic Scroll Emporium.
  6998 | D:6      | Found Seepub's Magic Scroll Shoppe.
  7064 | D:6      | Reached * piety under Vehumet
  7064 | D:6      | Offered knowledge of Freeze by Vehumet.
  7258 | D:7      | Reached skill level 7 in Conjurations
  7728 | D:7      | Reached XP level 10. HP: 29/56 MP: 11/19
  8383 | D:8      | Offered knowledge of Shock by Vehumet.
  8392 | D:8      | Reached ** piety under Vehumet
  8393 | D:8      | Reached skill level 5 in Shields
  8876 | D:8      | Noticed a boulder beetle
  8882 | D:8      | Learned a level 2 spell: Poisonous Vapours
  8890 | D:8      | HP: 2/56 [boulder beetle (31)]
  8932 | D:8      | Slain by a boulder beetle

Illustrated notes

Levels and vault maps discovered:
D:1:      scummos_arrival_checkerplants, layout_basic,
          dreamdust_ecumenical_altar_statues
D:2:      layout_rooms
D:3:      minmay_bubble_buster, layout_loops_ring, amcnicky_altar_gilded,
          mainiacjoe_overflow_catwalk_spiral
D:4:      layout_rooms, nicolae_stop_n_shop_2, minmay_surrounded
D:5:      layout_basic, kennysheep_slug_shrine, general_overflow_altar,
          minmay_temple_entry_statues, chequers_decorated_corner,
          minmay_misc_feat_alley
D:6:      layout_cave_pools, serial_shops, nicolae_shop_window_shopping,
          nicolae_shop_trees, shop, nicolae_shop_statue_plus, shop,
          serial_gnoll_camp, gnoll_camp_mini_shop, grums_kennel,
          gnoll_camp_mini_sergeant, gnoll_camp_mini_doghouse
D:7:      layout_rooms, nicolae_lava_and_water
D:8:      layout_basic
Temple:   hellmonk_temple_divided_pantheon

Skill      XL: |  1  2  3  4  5  6  7  8  9 10 |
---------------+-------------------------------+-----
Hexes          | 1 2 3 4 6 |  6.5
Translocations | 1 2 3 4 6 |  6.5
Stealth        | 3 |  3.0
Spellcasting   | 3 4 6 |  6.4
Shields        | 1 2 3 4 5 |  5.0
Conjurations   | 5 6 7 |  7.8
Dodging        | 3 |  3.0
Evocations     | 2 |  2.0

Action                   |  1- 3 |  4- 6 |  7- 9 | 10-12 || total
-------------------------+-------+-------+-------+-------++-------
Melee: Unarmed           |     4 |       |       |       ||     4
       Constrict         |     2 |     1 |       |       ||     3
       Dagger            |       |     8 |     1 |     6 ||    15
       Tentacles         |       |       |       |     2 ||     2
 Cast: Magic Dart        |    45 |    47 |    62 |    10 ||   164
       Searing Ray       |     4 |    18 |    44 |     3 ||    69
       Fulminant Prism   |       |       |    24 |    19 ||    43
       Iskenderun's Myst |       |       |    13 |    10 ||    23
       Poisonous Vapours |       |       |       |     2 ||     2
Evoke: Wand              |       |       |     1 |       ||     1
  Use: Scroll            |       |       |     7 |     1 ||     8
       Potion            |       |       |     1 |     1 ||     2
 Stab: Sleeping          |       |     3 |     1 |     1 ||     5
Armor: Skin              |       |       |     2 |       ||     2
Dodge: Dodged            |     2 |    10 |    29 |    12 ||    53
Block: Buckler           |       |     3 |    16 |     3 ||    22
